TOP OF THE 1ST |
San Jose Missions batting - Pitching for Las Vegas Stars : RHP Tim Harmon
|
Pitching: RHP Tim Harmon
|
|
Batting: RHB Luis Antonio Rosas
|
0-0: Ball 1-0: Swinging Strike 1-1: Ball 2-1: Ground out 4-3 (Groundball, 4M)
|
Batting: RHB Madidou El Sayed
|
0-0: Ground out 5-3 (Groundball, 5)
|
Batting: LHB Miguel Montés
|
0-0: Ball 1-0: Called Strike 1-1: Ground out 3-1 (Groundball, 34)
|
Top of the 1st over - 0 run(s), 0 hit(s), 0 error(s), 0 left on base; San Jose 0 - Las Vegas 0 |
BOTTOM OF THE 1ST |
Las Vegas Stars batting - Pitching for San Jose Missions : RHP Bob Cunningham
|
Pitching: RHP Bob Cunningham
|
|
Batting: LHB Parker Marshall
|
0-0: Fly out, F7 (Flyball, 7D)
|
Batting: RHB Xin Zhang
|
0-0: Foul Ball, location: 2F 0-1: Foul Ball, location: 2F 0-2: Ground out 6-3 (Groundball, 6)
|
Batting: LHB Eliot Helen
|
0-0: Swinging Strike 0-1: Ball 1-1: Ball 2-1: Swinging Strike 2-2: Ball 3-2: Foul Ball, location: 2F 3-2: Strikes out swinging
|
Bottom of the 1st over - 0 run(s), 0 hit(s), 0 error(s), 0 left on base; San Jose 0 - Las Vegas 0 |
TOP OF THE 2ND |
San Jose Missions batting - Pitching for Las Vegas Stars : RHP Tim Harmon
|
Batting: RHB Armando López
|
0-0: Ball 1-0: Called Strike 1-1: Foul Ball, location: 2F 1-2: Ball 2-2: Ball 3-2: Base on Balls
|
Batting: LHB John Foster
|
0-0: Foul Ball, location: 2F 0-1: Swinging Strike 0-2: Ball 1-2: Strikes out looking
|
Batting: RHB Artie Green
|
0-0: Called Strike 0-1: Fly out, F8 (Flyball, 8LXD)
|
Batting: RHB Chase Mueller
|
0-0: Ground out 5-3 (Groundball, 56S)
|
Top of the 2nd over - 0 run(s), 0 hit(s), 0 error(s), 1 left on base; San Jose 0 - Las Vegas 0 |
BOTTOM OF THE 2ND |
Las Vegas Stars batting - Pitching for San Jose Missions : RHP Bob Cunningham
|
Batting: LHB Evan Slootweg
|
0-0: Called Strike 0-1: Called Strike 0-2: Ball 1-2: Ground out 4-3 (Groundball, 4)
|
Batting: LHB Fernando De La Cruz
|
0-0: Ball 1-0: Ball 2-0: Ball 3-0: Called Strike 3-1: Fly out, F7 (Flyball, 7S)
|
Batting: RHB Matthieu Vancini
|
0-0: Ball 1-0: Ground out 4-3 (Groundball, 4M)
|
Bottom of the 2nd over - 0 run(s), 0 hit(s), 0 error(s), 0 left on base; San Jose 0 - Las Vegas 0 |
TOP OF THE 3RD |
San Jose Missions batting - Pitching for Las Vegas Stars : RHP Tim Harmon
|
Batting: RHB Bobby Brewster
|
0-0: Ball 1-0: Foul Ball, location: 2F 1-1: Foul Ball, location: 2F 1-2: Foul Ball, location: 2F 1-2: Foul Ball, location: 2F 1-2: Ball 2-2: Foul Ball, location: 2F 2-2: Foul Ball, location: 2F 2-2: Fly out, F9 (Line Drive, 89S)
|
Batting: RHB Elliott Rucker
|
0-0: Ground out 5-3 (Groundball, 15S)
|
Batting: RHB Luis Antonio Rosas
|
0-0: Foul Ball, location: 2F 0-1: Swinging Strike 0-2: Strikes out looking
|
Top of the 3rd over - 0 run(s), 0 hit(s), 0 error(s), 0 left on base; San Jose 0 - Las Vegas 0 |
BOTTOM OF THE 3RD |
Las Vegas Stars batting - Pitching for San Jose Missions : RHP Bob Cunningham
|
Batting: RHB Ryan Campbell
|
0-0: Foul Ball, location: 2F 0-1: Ball 1-1: Swinging Strike 1-2: Ground out 6-3 (Groundball, 6)
|
Batting: RHB Joe Scott
|
0-0: Ball 1-0: Called Strike 1-1: Foul Ball, location: 2F 1-2: DOUBLE (Line Drive, 7LM)
|
Batting: LHB Mike Mitchell
|
0-0: Ball 1-0: Ground out 1-3 (Groundball, 15)
|
Batting: LHB Parker Marshall
|
0-0: Foul Ball, location: 2F 0-1: Swinging Strike 0-2: Strikes out looking
|
Bottom of the 3rd over - 0 run(s), 1 hit(s), 0 error(s), 1 left on base; San Jose 0 - Las Vegas 0 |
TOP OF THE 4TH |
San Jose Missions batting - Pitching for Las Vegas Stars : RHP Tim Harmon
|
Batting: RHB Madidou El Sayed
|
0-0: Reached on error, E5 (Groundball, 5S)
|
Batting: LHB Miguel Montés
|
0-0: Called Strike 0-1: Called Strike 0-2: DOUBLE (Groundball, 5D) Madidou El Sayed to third
|
Batting: RHB Armando López
|
0-0: Called Strike 0-1: Swinging Strike 0-2: Foul Ball, location: 2F 0-2: Ball 1-2: Strikes out looking
|
Batting: LHB John Foster
|
0-0: Foul Ball, location: 2F 0-1: Ground out 4-3 (Groundball, 4M) Madidou El Sayed scores Miguel Montés to third
|
Batting: RHB Artie Green
|
0-0: Foul Ball, location: 2F 0-1: Fly out, F3 (Popup, 3F)
|
Top of the 4th over - 1 run(s), 1 hit(s), 1 error(s), 1 left on base; San Jose 1 - Las Vegas 0 |
BOTTOM OF THE 4TH |
Las Vegas Stars batting - Pitching for San Jose Missions : RHP Bob Cunningham
|
Batting: RHB Xin Zhang
|
0-0: Ground out 6-3 (Groundball, 6)
|
Batting: LHB Eliot Helen
|
0-0: Ball 1-0: SINGLE (Line Drive, 8LS)
|
Batting: LHB Evan Slootweg
|
0-0: Ball 1-0: Called Strike 1-1: Foul Ball, location: 2F 1-2: Ball 2-2: Foul Ball, location: 2F 2-2: Ball 3-2: Strikes out looking Eliot Helen steals 2nd base Batter strikes out.
|
Batting: LHB Fernando De La Cruz
|
0-0: Called Strike 0-1: Foul Ball, location: 2F 0-2: Ball 1-2: Strikes out looking
|
Bottom of the 4th over - 0 run(s), 1 hit(s), 0 error(s), 1 left on base; San Jose 1 - Las Vegas 0 |
TOP OF THE 5TH |
San Jose Missions batting - Pitching for Las Vegas Stars : RHP Tim Harmon
|
Batting: RHB Chase Mueller
|
0-0: Ball 1-0: Ground out 4-3 (Groundball, 4)
|
Batting: RHB Bobby Brewster
|
0-0: Swinging Strike 0-1: Fly out, F8 (Flyball, 8LM)
|
Batting: RHB Elliott Rucker
|
0-0: Called Strike 0-1: Ball 1-1: SINGLE (Groundball, 4M)
|
Batting: RHB Luis Antonio Rosas
|
0-0: Ball 1-0: Called Strike 1-1: Ball 2-1: Ground out 1-3 (Groundball, 13)
|
Top of the 5th over - 0 run(s), 1 hit(s), 0 error(s), 1 left on base; San Jose 1 - Las Vegas 0 |
BOTTOM OF THE 5TH |
Las Vegas Stars batting - Pitching for San Jose Missions : RHP Bob Cunningham
|
Batting: RHB Matthieu Vancini
|
0-0: Foul Ball, location: 2F 0-1: Ball 1-1: Ball 2-1: Swinging Strike 2-2: Ball 3-2: Ground out 5-3 (Groundball, 5S)
|
Batting: RHB Ryan Campbell
|
0-0: Ground out U3 (Groundball, 3)
|
Batting: RHB Joe Scott
|
0-0: Ball 1-0: Swinging Strike 1-1: Foul Ball, location: 2F 1-2: Fly out, F9 (Flyball, 9M)
|
Bottom of the 5th over - 0 run(s), 0 hit(s), 0 error(s), 0 left on base; San Jose 1 - Las Vegas 0 |
TOP OF THE 6TH |
San Jose Missions batting - Pitching for Las Vegas Stars : RHP Tim Harmon
|
Batting: RHB Madidou El Sayed
|
0-0: Ball 1-0: Ball 2-0: Called Strike 2-1: Foul Ball, location: 2F 2-2: Ball 3-2: Fly out, F4 (Popup, 4D)
|
Batting: LHB Miguel Montés
|
0-0: SOLO HOME RUN (Flyball, 9D), Distance : 396 ft
|
Batting: RHB Armando López
|
0-0: Ball 1-0: Ball 2-0: Called Strike 2-1: Ground out 5-3 (Groundball, 56)
|
Batting: LHB John Foster
|
0-0: Swinging Strike 0-1: DOUBLE (Line Drive, 8RXD)
|
Batting: RHB Artie Green
|
0-0: Foul Ball, location: 2F 0-1: Ball 1-1: Foul Ball, location: 2F 1-2: Strikes out swinging
|
Top of the 6th over - 1 run(s), 2 hit(s), 0 error(s), 1 left on base; San Jose 2 - Las Vegas 0 |
BOTTOM OF THE 6TH |
Las Vegas Stars batting - Pitching for San Jose Missions : RHP Bob Cunningham
|
Batting: LHB Mike Mitchell
|
0-0: Foul Ball, location: 2F 0-1: Ball 1-1: Ball 2-1: Ball 3-1: Called Strike 3-2: Foul Ball, location: 2F 3-2: Foul Ball, location: 2F 3-2: Base on Balls
|
Batting: LHB Parker Marshall
|
0-0: Called Strike 0-1: Called Strike 0-2: Ball 1-2: Foul Ball, location: 2F 1-2: Fly out, F9 (Flyball, 9D)
|
Pitching: RHP Danny Wheeler
|
|
Batting: RHB Xin Zhang
|
0-0: Foul Ball, location: 2F 0-1: Ball 1-1: Ball 2-1: Ball 3-1: Base on Balls Mike Mitchell to second
|
Batting: LHB Eliot Helen
|
0-0: Swinging Strike 0-1: DOUBLE (Line Drive, 8RXD) Mike Mitchell scores Xin Zhang to third
|
Batting: LHB Evan Slootweg
|
0-0: Ball 1-0: Swinging Strike 1-1: Swinging Strike 1-2: Strikes out swinging
|
Batting: LHB Fernando De La Cruz
|
0-0: Called Strike 0-1: Ball Wild Pitch! Xin Zhang scores Eliot Helen to third 1-1: Ball 2-1: Swinging Strike 2-2: Strikes out swinging
|
Bottom of the 6th over - 2 run(s), 1 hit(s), 0 error(s), 1 left on base; San Jose 2 - Las Vegas 2 |
TOP OF THE 7TH |
San Jose Missions batting - Pitching for Las Vegas Stars : RHP Tim Harmon
|
Batting: RHB Chase Mueller
|
0-0: Called Strike 0-1: Ball 1-1: Ground out 6-3 (Groundball, 6)
|
Batting: RHB Bobby Brewster
|
0-0: Ball 1-0: Called Strike 1-1: DOUBLE (Line Drive, 5L)
|
Batting: RHB Elliott Rucker
|
0-0: SINGLE (Line Drive, 89M) Bobby Brewster to third Runner from 3rd tries for Home, SAFE, throw made home
|
Pinch Hitting: RHB Joe Broadhead
|
0-0: Ball 1-0: Foul Ball, location: 2F 1-1: Ball 2-1: Swinging Strike 2-2: Strikes out swinging
|
Batting: RHB Madidou El Sayed
|
0-0: Ball 1-0: Swinging Strike 1-1: Ball 2-1: Called Strike 2-2: Foul Ball, location: 2F 2-2: Strikes out swinging
|
Top of the 7th over - 1 run(s), 2 hit(s), 0 error(s), 1 left on base; San Jose 3 - Las Vegas 2 |
BOTTOM OF THE 7TH |
Las Vegas Stars batting - Pitching for San Jose Missions : RHP Danny Wheeler
|
Now at 2B: Joe Broadhead
|
|
Batting: RHB Matthieu Vancini
|
0-0: Ball 1-0: Ball 2-0: Ball 3-0: Called Strike 3-1: Swinging Strike 3-2: Foul Ball, location: 2F 3-2: Fly out, F5 (Popup, 56)
|
Batting: RHB Ryan Campbell
|
0-0: Swinging Strike 0-1: Ball 1-1: Called Strike 1-2: Ball 2-2: Foul Ball, location: 2F 2-2: Foul Ball, location: 2F 2-2: Ground out 6-3 (Groundball, 6M)
|
Batting: RHB Joe Scott
|
0-0: Called Strike 0-1: Ball 1-1: Called Strike 1-2: Ball 2-2: Fly out, F3 (Popup, 34)
|
Bottom of the 7th over - 0 run(s), 0 hit(s), 0 error(s), 0 left on base; San Jose 3 - Las Vegas 2 |
TOP OF THE 8TH |
San Jose Missions batting - Pitching for Las Vegas Stars : RHP Tim Harmon
|
Batting: LHB Miguel Montés
|
0-0: Ball 1-0: Foul Ball, location: 2F 1-1: Foul Ball, location: 2F 1-2: Foul Ball, location: 2F 1-2: Strikes out swinging
|
Batting: RHB Armando López
|
0-0: Ground out 5-3 (Groundball, 5)
|
Batting: LHB John Foster
|
0-0: SINGLE (Groundball, 3D)
|
Pitching: RHP Wayne Barksdale
|
|
Batting: RHB Artie Green
|
0-0: Called Strike 0-1: Ball 1-1: Called Strike 1-2: Ball 2-2: Fly out, F3 (Popup, 3F)
|
Top of the 8th over - 0 run(s), 1 hit(s), 0 error(s), 1 left on base; San Jose 3 - Las Vegas 2 |
BOTTOM OF THE 8TH |
Las Vegas Stars batting - Pitching for San Jose Missions : RHP Danny Wheeler
|
Pitching: RHP Raúl Hernández
|
|
Now in CF: Keith Hinkle
|
|
Now in RF: José Martínez
|
|
Batting: LHB Mike Mitchell
|
0-0: Called Strike 0-1: Foul Ball, location: 2F 0-2: Ground out 6-3 (Groundball, 6)
|
Batting: LHB Parker Marshall
|
0-0: Ball 1-0: Ball 2-0: Called Strike 2-1: Called Strike 2-2: Ball 3-2: Base on Balls
|
Batting: RHB Xin Zhang
|
0-0: Ball 1-0: Foul Ball, location: 2F 1-1: Foul Ball, location: 2F 1-2: Ball 2-2: Ball 3-2: Base on Balls Parker Marshall to second
|
Batting: LHB Eliot Helen
|
0-0: Ball 1-0: Ball 2-0: Ball 3-0: Called Strike 3-1: Called Strike 3-2: Foul Ball, location: 2F 3-2: Foul Ball, location: 2F 3-2: Base on Balls Parker Marshall to third Xin Zhang to second
|
Batting: LHB Evan Slootweg
|
0-0: Called Strike 0-1: Called Strike 0-2: Ball 1-2: Strikes out looking
|
Batting: LHB Fernando De La Cruz
|
0-0: Called Strike 0-1: Swinging Strike 0-2: Foul Ball, location: 2F 0-2: Ball 1-2: DOUBLE (Flyball, 89D) Parker Marshall scores Xin Zhang scores Eliot Helen to third
|
Pitching: RHP Gabriel Moore
|
|
Pinch Hitting: SHB Sloan James
|
0-0: Swinging Strike 0-1: Ground out U3 (Groundball, 3S)
|
Bottom of the 8th over - 2 run(s), 1 hit(s), 0 error(s), 2 left on base; San Jose 3 - Las Vegas 4 |
TOP OF THE 9TH |
San Jose Missions batting - Pitching for Las Vegas Stars : RHP Wayne Barksdale
|
Pitching: RHP Mike Drader
|
|
Now in LF: Albert Rodríguez
|
|
Batting: RHB Chase Mueller
|
0-0: Ball 1-0: Called Strike 1-1: Fly out, F7 (Flyball, 7M)
|
Batting: RHB Bobby Brewster
|
0-0: Ball 1-0: Called Strike 1-1: Foul Ball, location: 2F 1-2: Strikes out swinging
|
Pinch Hitting: RHB Jim Brown
|
0-0: Ball 1-0: Ball 2-0: Fly out, F8 (Flyball, 8RM)
|
Top of the 9th over - 0 run(s), 0 hit(s), 0 error(s), 0 left on base; San Jose 3 - Las Vegas 4 |
|